 Dungeon Crawl Stone Soup version 0.29.1-2-gbd0b4ee654 (webtiles) character file.

Game seed: 12055593080249311637

755 Hadkhar the Shield-Bearer (level 8, 0/63 HPs)
             Began as a Formicid Fighter on Nov 11, 2022.
             Slain by a wyvern zombie (6 damage)
             ... in an ossuary.
             The game lasted 00:15:22 (3261 turns).

Hadkhar the Shield-Bearer (Formicid Fighter)        Turns: 3261, Time: 00:15:23

Health: 0/63       AC:  8    Str: 24    XL:     8   Next: 7%
Magic:  8/8        EV:  9    Int:  7    God:
Gold:   171        SH:  5    Dex: 13    Spells: 7/7 levels left

rFire   . . .      SeeInvis +   a - +0 war axe
rCold   . . .      Faith    .   c - +0 buckler
rNeg    . . .      Spirit   .   b - +0 scale mail
rPois   .          Reflect  .   (helmet unavailable)
rElec   .          Harm     .   (no cloak)
rCorr   .          Rampage  .   (no gloves)
Will    .....                   g - +0 pair of boots
Stlth   ..........              (no amulet)
HPRegen 0.20/turn               (no ring)
MPRegen 0.11/turn               (no ring)

@: no status effects
A: permanent stasis, dig shafts and tunnels, antennae 3, four strong arms
a: Dig


You were in an ossuary.
You visited 1 branch of the dungeon, and saw 4 of its levels.
You also visited: Ossuary.

You collected 171 gold pieces.

Inventory:

Hand Weapons
 a - a +0 war axe (weapon)
Armour
 b - a +0 scale mail (worn)
 c - a +0 buckler (worn)
 d - a +0 pair of gloves
 g - a +0 pair of boots (worn)
Wands
 f - a wand of flame (25)
 n - a wand of mindburst (3)
 o - a wand of paralysis (4)
Scrolls
 k - a scroll of poison
 l - a scroll of enchant armour {unknown}
 m - a scroll of noise {unknown}
 q - 2 scrolls of fear
Potions
 e - 2 potions of invisibility
 j - a potion of mutation
 r - a potion of brilliance


   Skills:
 + Level 5.6 Fighting
 + Level 4.5 Axes
 + Level 5.6 Armour
 + Level 6.7 Shields


You had 7 spell levels left.
You didn't know any spells.
Your spell library contained the following spells:

 Spells                   Type           Power      Damage    Failure   Level
 Foxfire                  Conj/Fire      0%         2x1d4     77%         1
 Conjure Flame            Conj/Fire      0%         6-21      98%         3
 Inner Flame              Hex/Fire       0%         N/A       98%         3
 Flame Wave               Conj/Fire      0%         2d4       100%        4


Dungeon Overview and Level Annotations

Branches:
Dungeon (4/15)            Ossuary (1/1)
 Temple: D:4-7

Altars:

Annotations:
D:4 Natasha


Innate Abilities, Weirdness & Mutations

You cannot be hasted, slowed, berserked, paralysed or teleported.
You can dig through walls and to a lower floor.
You have a pair of large antennae on your head. (SInv)
Your four strong arms can wield two-handed weapons with a shield.


Message History

You slash the bog mummy!
You destroy the bog mummy!
A mummy comes into view.
You barely miss the wyvern zombie.
The wyvern zombie bites you but does no damage.
The wyvern zombie bites you!
You slash the wyvern zombie!
The wyvern zombie is moderately damaged.
The wyvern zombie bites you!
The wyvern zombie bites you but does no damage.
You hit the wyvern zombie.
The wyvern zombie is moderately damaged.
The wyvern zombie closely misses you.
You slash the wyvern zombie!
The wyvern zombie is heavily damaged.
The wyvern zombie bites you.
* * * LOW HITPOINT WARNING * * *
You block the wyvern zombie's attack.
You completely miss the wyvern zombie.
The wyvern zombie is heavily damaged.
You block the wyvern zombie's attack. The wyvern zombie bites you.
* * * LOW HITPOINT WARNING * * *
Aiming: Throw Flame
Press: ? - help, Q - select action, (/) - cycle Shift-Dir - straight line, f - wyvern zombie
Aim: a wyvern zombie (heavily damaged, 89% to hit)
The puff of flame hits the wyvern zombie.
The wyvern zombie is heavily damaged.
The wyvern zombie bites you!
* * * LOW HITPOINT WARNING * * *
Aiming: Paralyse
Press: ? - help, Q - select action, (/) - cycle Shift-Dir - straight line, f/p - wyvern zombie
Aim: a wyvern zombie (heavily damaged, chance to affect: 61%)
The wyvern zombie resists with significant effort.
The wyvern zombie closely misses you.
You slash the wyvern zombie!
The wyvern zombie is almost destroyed.
The wyvern zombie bites you.
* * * LOW HITPOINT WARNING * * *
The wyvern zombie bites you.
You die...

'......~~~~~...P#≈##≈
.#####~#####~~#~≈≈≈#
#.#...#..P~~#≈ {
#.#.∩.~~###≈≈# {
#.#∩..#~+ ##
#.#####~# {+.+{ {+~~
{ #~# #~~~ #@# #~~P#
#Z# +~#~# {#Z# ~+P≈
#Z# .M~ ~~#{ .≈.# {
#~## #≈


You could see a mummy, 2 bullfrog zombies and a wyvern zombie.

Vanquished Creatures
  Grinder (D:4)
  Sigmund (D:3)
  A water moccasin zombie (Ossuary)
  A bullfrog zombie (Ossuary)
  7 mummies (Ossuary)
  Natasha (D:4)
  A hound skeleton (D:3)
  A gnoll (D:1)
  3 adders
  A worm (D:2)
  2 dart slugs
  3 orcs
  10 endoplasms
  A giant cockroach (D:1)
  7 goblins
  2 hobgoblins
  12 jackals
  6 quokkas
  7 ball pythons
  4 bats (D:1)
  8 frilled lizards
  5 kobolds
  7 rats
92 creatures vanquished.

Vanquished Creatures (others)
  4 withered plants (Ossuary)
4 creatures vanquished.

Grand Total: 96 creatures vanquished

Notes
Turn   | Place    | Note
-------+----------+-------------------------------------------
     0 | D:1      | Hadkhar the Formicid Fighter began the quest for the Orb.
     0 | D:1      | Reached XP level 1. HP: 18/18 MP: 1/1
    72 | D:1      | Reached XP level 2. HP: 22/24 MP: 2/2
   162 | D:1      | Reached XP level 3. HP: 29/29 MP: 3/3
   705 | D:2      | Reached XP level 4. HP: 19/37 MP: 4/4
   938 | D:2      | Found a faded altar of an unknown god.
  2210 | D:3      | Noticed Sigmund
  2218 | D:3      | Killed Sigmund
  2219 | D:3      | Reached skill level 5 in Shields
  2219 | D:3      | Reached XP level 5. HP: 31/43 MP: 5/5
  2219 | D:3      | Reached XP level 6. HP: 35/49 MP: 6/6
  3048 | D:4      | Noticed Grinder
  3061 | D:4      | Killed Grinder
  3062 | D:4      | Reached skill level 5 in Fighting
  3062 | D:4      | Reached skill level 5 in Armour
  3062 | D:4      | Reached skill level 6 in Shields
  3062 | D:4      | Reached XP level 7. HP: 33/56 MP: 7/7
  3143 | D:4      | Noticed Natasha
  3150 | D:4      | Killed Natasha
  3150 | D:4      | Noticed Natasha
  3155 | D:4      | Found a sand-covered staircase.
  3162 | Ossuary  | Entered an ossuary
  3247 | Ossuary  | Reached XP level 8. HP: 42/63 MP: 8/8
  3261 | Ossuary  | Slain by a wyvern zombie

Illustrated notes

Levels and vault maps discovered:
D:1:      onia_arrival_handbag, layout_basic, minmay_pentomino_z4
D:2:      layout_basic, basic_ecumenical_altar, nicolae_figureground_pulse
D:3:      layout_basic, serial_undead, serial_undead_b, serial_undead_d,
          serial_undead_b, serial_undead_c, uniq_sigmund
D:4:      layout_rooms, chequers_ossuary_entry_cave, uniq_natasha, uniq_grinder
Ossuary:  ossuary_zaba_flooded

Skill      XL: |  1  2  3  4  5  6 |
---------------+-------------------+-----
Armour         | 4 5 |  5.6
Fighting       | 4 5 |  5.6
Axes           | 3 4 |  4.5
Shields        | 5 6 |  6.7

Action                   |  1- 3 |  4- 6 |  7- 9 || total
-------------------------+-------+-------+-------++-------
Melee: War axe           |    88 |    80 |    65 ||   233
Evoke: Wand              |       |     4 |     2 ||     6
  Use: Scroll            |       |     7 |       ||     7
       Potion            |       |     2 |       ||     2
 Stab: Distracted        |       |     1 |       ||     1
Armor: Scale mail        |    56 |    47 |    31 ||   134
Dodge: Dodged            |    60 |    31 |    29 ||   120
Block: Buckler           |    31 |    30 |    23 ||    84
